 Dungeon Crawl Stone Soup version 0.22-a0-240-g539252a (webtiles) character file.

125 mhoghedin the Skirmisher (level 4, -3/41 HPs)
             Began as a Draconian Artificer on Feb 21, 2018.
             Was an Initiate of Sif Muna.
             Killed by divine providence
             ... invoked by an orc priest
              (13 damage)
             ... on level 3 of the Dungeon.
             The game lasted 00:05:34 (2972 turns).

mhoghedin the Skirmisher (Draconian Artificer)      Turns: 2972, Time: 00:05:34

Health: -3/41      AC:  5    Str: 20    XL:     4   Next: 82%
Magic:  6/6        EV: 12    Int: 11    God:    Sif Muna [......]
Gold:   168        SH:  0    Dex: 12    Spells: 3/3 levels left

rFire    . . .     SeeInvis .   r - +0 rapier
rCold    . . .     Gourm    .   (no shield)
rNeg     . . .     Faith    .   (armour unavailable)
rPois    .         Spirit   .   (helmet restricted)
rElec    .         Reflect  .   (no cloak)
rCorr    .         Harm     .   (no gloves)
MR       .....                  (no boots)
Stlth    +.........             (no amulet)
HPRegen  0.13/turn              (no ring)
MPRegen  0.10/turn              (no ring)

@: mighty
A: unfitting armour, cold-blooded, AC +5
a: Renounce Religion


You were on level 3 of the Dungeon.
You worshipped Sif Muna.
Sif Muna was noncommittal.
You were hungry.

You visited 1 branch of the dungeon, and saw 3 of its levels.

You collected 168 gold pieces.

Inventory:

Hand Weapons
 a - a +0 short sword
 m - a +0 whip of holy wrath
   (You found it on level 1 of the Dungeon)
 r - a +0 rapier (weapon)
   (You found it on level 3 of the Dungeon)
Jewellery
 q - a +5 ring of strength {unknown}
   (You found it on level 3 of the Dungeon)
Wands
 b - a wand of flame (8)
 c - a wand of enslavement (14)
 d - a wand of random effects (11)
Scrolls
 k - a scroll of remove curse
Potions
 e - a potion of haste {unknown}
 g - a potion of flight {unknown}
 h - 2 potions of heal wounds
 i - a potion of invisibility {unknown}
 j - a potion of might
 l - a potion of agility {unknown}
 n - 4 potions of curing
 o - a potion of lignification {unknown}
 p - 2 potions of cancellation
Comestibles
 f - 6 rations


   Skills:
 - Level 4.7 Fighting
 + Level 1.1 Short Blades
 - Level 2.4 Dodging
 - Level 0.8 Stealth
 - Level 3.0 Evocations


You had 3 spell levels left.
You didn't know any spells.

Dungeon Overview and Level Annotations

Branches:
Dungeon (3/15)

Altars:
Sif Muna


Innate Abilities, Weirdness & Mutations

Your plain brown scales are hard. (AC +5)
You cannot fit into any form of body armour.
You are cold-blooded and may be slowed by cold attacks.


Message History

No target in view!
No target in view!
You see here a hobgoblin corpse.
Found a stone staircase leading down.
There is an open door here.
An ooze comes into view.
Health restored: 41 An ooze is nearby!
Search for what [Enter for "altar", or ? for help]? ego Unknown command.
There is an open door here.
The ooze quivers.
You see here a hobgoblin corpse.
You see here a rat corpse.
You see here a rapier.
r - a rapier You hit the ooze but do no damage.
You tail-slap the ooze. The ooze barely misses you.
You hit the ooze. The ooze completely misses you.
You hit the ooze but do no damage. The ooze completely misses you.
You hit the ooze.
You kill the ooze!
Sif Muna accepts your kill.
Wield which item (- for none, * to show all)? (? for menu, Esc to quit)
r - a +0 rapier (weapon)
You start waiting.
All of the chunks of flesh in your inventory have rotted away.
Done waiting.
A frilled lizard comes into view.
The frilled lizard moves out of view.
An ooze comes into view.
The ooze quivers.
You hit the ooze. The ooze hits you but does no damage.
You hit the ooze but do no damage. You tail-slap the ooze.
The ooze barely misses you.
You hit the ooze but do no damage. The ooze hits you but does no damage.
You completely miss the ooze. The ooze barely misses you.
You hit the ooze but do no damage. The ooze closely misses you.
The ooze barely misses you.
You are feeling hungry.
You hit the ooze. The ooze hits you.
You take 3 damage, and have 38/41 hp.
You hit the ooze.
You kill the ooze!
Sif Muna accepts your kill.
No target in view!
No target in view!
No target in view!
No target in view!
No target in view!
An orc and an orc priest come into view.
There are monsters nearby!
An orc comes into view. It is wielding a hand axe.
The orc shouts!
The orc priest shouts!
You hear a shout! x2
You see here a hand axe.
An orc priest comes into view. It is wielding a flail.
Health restored: 41 The orc priest calls down the wrath of Beogh upon you.
Beogh smites you!
You take 10 damage, and have 31/41 hp.
MASSIVE DAMAGE!!
There are monsters nearby!
The orc priest looks satisfied for a moment.
You hit the orc but do no damage. The orc closely misses you.
It was a potion of might.
You feel very mighty all of a sudden. The orc closely misses you.
You barely miss the orc.
You kill the orc!
Sif Muna accepts your kill.
You closely miss the orc.
Your tail-slap misses the orc.
The orc hits you but does no damage.
You hit the orc.
The orc priest invokes the aid of Beogh against you.
Beogh smites you!
An orc opens the door.
An orc wizard comes into view. It is wielding a dagger.
The orc wizard shouts!
An orc priest comes into view. It is wielding a club.
You take 14 damage, and have 22/41 hp.
MASSIVE DAMAGE!!
The orc priest shouts!
You puncture the orc!
You kill the orc!
Sif Muna accepts your kill.
The orc priest casts a cantrip, but nothing happens.
Okay, then.
Unknown command.
The orc priest hits you with a flail. The orc priest closely misses you.
The orc priest calls down the wrath of Beogh upon you.
Beogh smites you!
* * * LOW HITPOINT WARNING * * *
Items here: ) [ †† a scale mail; a hand axe; an orc corpse x2
You take 12 damage, and have 10/41 hp.
MASSIVE DAMAGE!!
Unknown command.
You close the door.
The orc priest mumbles some strange prayers to Beogh against you.
Beogh smites you!
You die...

.,,+,,,,,+......###.....#.#......
.,,,,,,,,######..##l##..#........
.,,,,,,,,...............###......
.,,,*****#######..#.#...#........
,,,,* #######.......#...#.#......
,,,,* #........##.#.#...#.###...#
,,,,* #........##..##...#.# #...#
,,,,* #........#oo.....÷..# #####
,,,,* #........#@#.###.†#########
,,,,* #........+.#...............
,,,,* #......o.####o...####......
*,#.###....o......#..#....#'#####
,,.........####.#o#o.#.#......#
,,..####...# #.#.#..#.#......#
....# #.o.# #.#.#....#......#
....# #.### #.#.........#'###
....# #o# #.......>..##.#


You could see 2 orc priests.

Vanquished Creatures
  A gnoll (D:1)
  4 adders
  3 oozes
  A worm (D:2)
  A dart slug (D:1)
  3 orcs (D:3)
  7 bats
  6 giant cockroaches
  10 hobgoblins
  3 frilled lizards
  6 goblins
  6 kobolds
  7 rats
58 creatures vanquished.

Notes
Turn   | Place    | Note
-------+----------+-------------------------------------------
     0 | D:1      | mhoghedin the Draconian Artificer began the quest for the Orb.
     0 | D:1      | Reached XP level 1. HP: 16/16 MP: 3/3
    94 | D:1      | HP: 3/16 [gnoll/whip (9)]
   104 | D:1      | Reached skill level 2 in Fighting
   104 | D:1      | Reached XP level 2. HP: 6/25 MP: 4/4
   490 | D:1      | Reached skill level 3 in Fighting
  1017 | D:1      | Reached XP level 3. HP: 31/31 MP: 5/5
  1460 | D:2      | HP: 8/33 [worm (7)]
  1732 | D:2      | Reached skill level 4 in Fighting
  1995 | D:2      | Reached XP level 4. HP: 34/41 MP: 6/6
  2154 | D:2      | Reached skill level 2 in Dodging
  2499 | D:2      | Found a deep blue altar of Sif Muna.
  2502 | D:2      | Became a worshipper of Sif Muna the Loreminder
  2971 | D:3      | HP: 10/41 [orc priest/divine providence (11)]
  2972 | D:3      | Killed from afar by an orc priest

Vault maps used:
D:1:      mrwooster_arrival_statue_3, minmay_misc_feat_diagonals
D:2:      lemuel_blue_sif_altar
D:3:      lemuel_doored_altar, lemuel_crystal_altar, first_ration, uniq_grinder

Skill      XL: |  1  2  3  4 |
---------------+-------------+-----
Fighting       | 2 3 4 |  4.7
Dodging        | 2 |  2.4
Short Blades   | |  1.1
Stealth        | |  0.8
Evocations     | |  3.0

Action                   |  1- 3 |  4- 6 || total
-------------------------+-------+-------++-------
Melee: Short sword       |   146 |    60 ||   206
       Tailslap          |    15 |    12 ||    27
       Rapier            |       |    12 ||    12
Evoke: Wand              |    10 |     2 ||    12
  Use: Scroll            |       |     8 ||     8
       Potion            |       |     1 ||     1
 Stab: Sleeping          |     3 |     1 ||     4
  Eat: Chunk             |     3 |     3 ||     6
Armor: Skin              |    44 |    16 ||    60
Dodge: Dodged            |   108 |    39 ||   147

Table legend:
 A = Spawn XP
 B = Non-spawn XP
 C = Spawn XP percentage of total XP
 D = Spawn monster count
 E = Non-spawn monster count
 F = Spawn count percentage of total count
 G = Total turns spent on level
                    A         B        C        D         E        F      G
               +---------+---------+-------+---------+---------+-------+---------
         Total |       0 |     179 |   0.0 |       0 |      58 |   0.0 |  2972
               +---------+---------+-------+---------+---------+-------+---------
           D:1 |       0 |      49 |   0.0 |       0 |      22 |   0.0 |  1377
           D:2 |       0 |      83 |   0.0 |       0 |      23 |   0.0 |  1151
           D:3 |       0 |      47 |   0.0 |       0 |      13 |   0.0 |   444
               +---------+---------+-------+---------+---------+-------+---------

Vault maps used:
D:1:      mrwooster_arrival_statue_3, minmay_misc_feat_diagonals
D:2:      lemuel_blue_sif_altar
D:3:      lemuel_doored_altar, lemuel_crystal_altar, first_ration, uniq_grinder

Table legend:
 A = Turns spent in this place as a percentage of turns spent in the entire game.
 B = Non-inter-level travel turns spent in this place as a percentage of non-inter-level travel turns spent in the entire game.
 C = Inter-level travel turns spent in this place as a percentage of turns spent in this place.
 D = Turns resting spent in this place as a percentage of non-inter-level travel turns spent in this place.
 E = Turns spent auto-exploring this place as a percentage of non-inter-level travel turns spent in this place.
 F = Non-inter-level travel turns spent in this place divided by the number of levels of this place that you've seen.
                   A       B       C       D       E      F
               +-------+-------+-------+-------+-------+----------------------
         Total | 100.0 | 100.0 |   2.6 |  33.3 |  45.6 | 965.0
       Dungeon | 100.0 | 100.0 |   2.6 |  33.3 |  45.6 | 965.0
               +-------+-------+-------+-------+-------+----------------------

Table legend:
 A = Kills in this place as a percentage of kills in entire the game.
 B = Kills by you in this place as a percentage of kills by you in the entire game.
 C = Kills by friends in this place as a percentage of kills by friends in the entire game.
 D = Other kills in this place as a percentage of other kills in the entire game.
 E = Experience gained in this place as a percentage of experience gained in the entire game.
 F = Experience gained in this place divided by the number of levels of this place that you have seen.
                   A       B       C       D       E      F
               +-------+-------+-------+-------+-------+----------------------
         Total | 100.0 | 100.0 |   N/A |   N/A | 100.0 |  59.7
       Dungeon | 100.0 | 100.0 |   N/A |   N/A | 100.0 |  59.7
               +-------+-------+-------+-------+-------+----------------------
